Map: Nightscape LE

Players

Alexey - Winner!

  • Race: Terran Terran
  • League: Diamond
  • Spawn Location: 7:00

Easy - Winner!

  • Race: Protoss Protoss
  • League: Diamond
  • Spawn Location: 7:00

Massa

  • Race: Terran Terran
  • League: Platinum
  • Spawn Location: 1:00

qqq

  • Race: Terran Terran
  • Spawn Location: 1:00

VOD

Have the link to the VOD?

Description

Time

  • Played on: Nov. 7, 2020, 5:16 p.m.
  • Length: 6:05
Show
View Real Time Build Order
Export as new Build Order

Alexey Terran - Winner!

Build Orders:  

Get SALT Encoding   

  12  0:00  SCV  
  13  0:12  SCV  
  14  0:18  Supply Depot  
  14  0:25  SCV  
  15  0:31  Refinery  
  15  0:41  Barracks  
  15  0:45  SCV  
  16  0:57  SCV  
  17  1:06  Barracks  
  17  1:10  SCV  
  18  1:38  Reaper  
  18  1:39  Barracks  
  19  1:40  Orbital Command  
  19  1:46  Supply Depot  
  20  1:54  Reaper  
  20  2:06  Supply Depot  
  20  2:07  SCV  
  21  2:11  Reaper  
  22  2:26  Reaper  
  23  2:36  Reaper  
  24  3:29  Reaper  
  24  3:30  Reaper x2  
  24  3:48  SCV  
  23  3:51  Refinery  
  23  4:02  Reaper, Supply Depot  
  24  4:03  Command Center  
  24  4:18  Command Center  
  24  4:41  Reaper x3  
  24  5:01  SCV  
  25  5:07  Supply Depot  
  25  5:13  SCV, Marine, Reaper  
  28  5:37  Marine  
  28  5:38  Marine  
  30  5:45  Marine  
  30  5:46  Factory  
  30  5:47  Supply Depot  
  33  6:01  Engineering Bay  
Show
View Real Time Build Order
Export as new Build Order

Easy Protoss - Winner!

Build Orders:  

Get SALT Encoding   

  12  0:00  Probe  
  13  0:12  Probe  
  14  0:20  Pylon  
  14  0:24  Probe  
  15  0:38  Probe  
  15  0:40  Gateway  
  16  0:44  Assimilator  
  16  0:50  Probe  
  16  0:55  Assimilator  
  17  1:02  Probe  
  18  1:10  Gateway  
  18  1:14  Probe  
  19  1:26  Probe  
  19  1:29  Cybernetics Core  
  20  1:43  Probe  
  21  1:49  Pylon  
  21  2:02  Warp Gate (Chrono Boost)  
  21  2:07  Stalker x2  
  25  2:10  Probe  
  26  2:23  Probe  
  27  2:33  Pylon  
  27  2:42  Gateway  
  27  2:54  Probe  
  27  2:57  Gateway  
  28  3:32  Twilight Council  
  28  3:34  Pylon  
  28  3:45  Gateway  
  28  3:52  Stalker x4  
  36  4:27  Stalker  
  36  4:28  Stalker x3  
  44  4:40  Stalker  
  46  4:48  Pylon  
  46  4:51  Pylon  
  46  4:52  Pylon  
  42  5:06  Stalker x2  
  46  5:18  Stalker x2  
  50  5:42  Stalker x3  
Show
View Real Time Build Order
Export as new Build Order

Massa Terran 

Build Orders: Gas First Reaper Expand 

Get SALT Encoding   

  12  0:00  SCV  
  13  0:12  SCV  
  14  0:22  Supply Depot  
  14  0:24  SCV  
  15  0:29  Refinery  
  15  0:44  SCV  
  15  0:45  Barracks  
  16  0:56  SCV  
  17  1:08  SCV  
  18  1:27  SCV  
  18  1:32  Reaper  
  20  1:39  Orbital Command  
  20  1:48  Command Center  
  20  2:04  Marine  
  21  2:14  Supply Depot  
  21  2:22  Barracks Reactor, Factory  
  21  2:26  SCV  
  22  2:38  SCV  
  22  2:59  Barracks  
  22  3:05  Starport  
  22  3:07  Orbital Command  
  22  3:08  SCV  
  22  3:11  Hellion  
  25  3:16  Marine x2  
  26  3:20  SCV  
  27  3:32  Hellion  
  27  3:33  Marine  
  27  3:34  Marine  
  28  3:51  Marine x2  
  28  3:54  Hellion  
  32  3:58  Barracks Tech Lab  
  32  4:01  Barracks  
  32  4:04  Viking  
  32  4:09  Marine x2  
  36  4:14  Engineering Bay  
  36  4:15  Hellion  
  36  4:27  Marine x2  
  37  4:39  Factory Tech Lab  
  37  4:45  Marine  
  32  4:54  Marauder, Marine  
  27  5:02  Marine  
  27  5:03  Supply Depot  
  27  5:05  Marine, Supply Depot  
  27  5:06  Supply Depot  
  29  5:12  Marine  
  30  5:14  Siege Tank  
  30  5:15  Marauder  
  32  5:23  Marine  
  27  5:36  Marauder, Marine x2  
  27  5:41  Marine  
Show
View Real Time Build Order
Export as new Build Order

qqq Terran 

Build Orders:  

Get SALT Encoding   

  12  0:01  SCV  
  13  0:13  SCV  
  14  0:24  Supply Depot  
  14  0:25  SCV  
  15  0:28  Refinery  
  15  0:40  Refinery  
  15  0:49  Barracks  
  15  0:52  SCV  
  16  1:05  SCV  
  17  1:17  SCV  
  18  1:29  SCV  
  19  1:36  Supply Depot  
  19  1:37  Reaper  
  20  1:41  SCV  
  21  1:53  SCV  
  22  2:00  Factory  
  22  2:05  SCV  
  23  2:09  Reaper  
  24  2:17  SCV  
  25  2:29  SCV  
  26  2:41  Reaper  
  27  2:46  Command Center  
  26  2:51  Factory Tech Lab  
  26  3:16  Starport  
  26  3:28  Siege Tank  
  26  3:33  Marine  
  30  3:55  Supply Depot  
  30  3:59  Starport Tech Lab  
  30  4:00  Fusion Core  
  31  4:03  SCV  
  31  4:05  Orbital Command  
  31  4:13  Starport  
  31  4:15  SCV  
  28  4:28  SCV, Factory Tech Lab  
  29  4:38  Marine  
  32  4:40  SCV  
  32  4:51  Battlecruiser  
  32  4:52  SCV  
  36  4:56  Marine  
  36  5:01  Starport Tech Lab  
  36  5:05  Supply Depot  
  31  5:07  SCV  
  31  5:13  Marine  
  30  5:27  Supply Depot  
  29  5:35  Barracks  
  28  5:41  SCV  
  27  5:49  Supply Depot  
  27  5:53  SCV  
Tags
 
Add a new tag
Caveats
  • Supply blocks, unpowered buildings, or Contaminate may cause inaccurate times.
  • Supply counts are checked every 10 seconds.